 Dungeon Sprint DCSS version 0.29-a0-284-gf9362112df (webtiles) character file.

Game seed: 18180102570394855812

182617 mhtbhm the Conqueror (level 16, -1/179 (183) HPs)
             Began as a Pale Draconian Berserker on Mar 27, 2022.
             Was the Champion of Trog.
             Killed by something's death curse (6 damage)
             ... in the Dungeon (Sprint III: "The Ten Rune Challenge").
             The game lasted 00:29:18 (14926 turns).

mhtbhm the Conqueror (Pale Draconian Berserker)    Turns: 14926, Time: 00:29:19

HP:   -1/179 (183)  AC: 13    Str: 28    XL:     16   Next: 25%
MP:   16/16         EV: 19    Int: 19    God:    Trog [******]
Gold: 302           SH:  5    Dex: 10    Spells: 15/15 levels left

rFire   . . .      SeeInvis .   t - +9 glaive of the Stoat {vorpal, Str+2}
rCold   + . .      Faith    .   (shield currently unavailable)
rNeg    + . .      Spirit   .   (body armour unavailable)
rPois   +          Reflect  +   G - +1 hat {Int+3}
rElec   .          Harm     .   j - +2 cloak
rCorr   .          Rampage  .   (no gloves)
Will    +....      NoTele   +   (no boots)
Stlth   ++++++++..              v - amulet of reflection
HPRegen 0.39/turn               S - ring "Quyduty" {+Blink rPois rC+ Int+6}
MPRegen 0.15/turn               O - ring of positive energy

@: flying, slowed, studying Staves, lightly drained, very slow
A: breathe steam, AC +9, unfitting armour, cold-blooded, steam resistance, big
wings
}: 4/10 runes: serpentine, barnacled, silver, demonic
a: Breathe Steam, Renounce Religion, Evoke Blink, Berserk, Trog's Hand, Brothers
in Arms


You were in the Dungeon.
You worshipped Trog.
Trog was exalted by your worship.
You visited 1 branch You collected 4637 gold pieces.
You spent 4335 gold pieces at shops.

Inventory:

Hand Weapons
 a - a +2 bardiche of flaming
 h - a +5 glaive of flaming
 t - the +9 glaive of the Stoat (weapon) {vorpal, Str+2}
   (Trog gifted it to you in the Dungeon)

   It inflicts extra damage upon your enemies.
   Str:       It affects your strength (+2).
 D - a +9 halberd
 T - a +4 demon trident
 X - a +6 trident of flaming
Missiles
 d - 2 javelins
 s - 6 silver javelins
 u - 3 curare-tipped darts (quivered)
Armour
 j - a +2 cloak (worn)
 G - a +1 hat of intelligence (worn)
 H - a +2 tower shield of reflection
 J - the +3 buckler of Porchuig {rC+ Str+6}
   (You acquired it in the Dungeon)

   Str:       It affects your strength (+6).
   rC:        It protects you from cold.
Jewellery
 v - an amulet of reflection (around neck)
 I - a ring of protection from fire
 K - a ring of fire
 O - a ring of positive energy (right hand)
 S - the ring "Quyduty" (left hand) {+Blink rPois rC+ Int+6}
   (You found it in the Dungeon)

   [ring of intelligence]

   Int:       It affects your intelligence (+6).
   rC:        It protects you from cold.
   rPois:     It protects you from poison.
   +Blink:    It lets you blink.
 V - a ring of protection from cold
Wands
 o - a wand of acid (6)
 p - a wand of flame (18)
 r - a wand of digging (1)
 y - a wand of mindburst (48)
 A - a wand of paralysis (19)
 U - a wand of charming (12)
Scrolls
 g - 5 scrolls of blinking
 i - 5 scrolls of identify
 l - a scroll of immolation
 n - 3 scrolls of torment
 x - a scroll of enchant armour
 C - a scroll of enchant weapon
 N - 3 scrolls of silence
Potions
 c - a potion of heal wounds
 e - 2 potions of magic
 f - a potion of berserk rage
 k - a potion of mutation
 m - 7 potions of flight
 z - 2 potions of lignification
 B - a potion of cancellation
 F - 2 potions of attraction
 L - 2 potions of haste
 M - a potion of might
 Q - a potion of resistance
 W - a potion of curing
Miscellaneous
 b - a piece from Xom's chessboard (15/15)
 q - a box of beasts
 w - a condenser vane (inert)
 P - a phantom mirror
 R - a tin of tremorstones (2/2)


   Skills:
 O Level 27 Fighting
 O Level 27 Polearms
 + Level 4.2 Throwing
 + Level 21.4 Dodging
 + Level 21.4 Stealth
 + Level 13.7 Shields
 + Level 8.9 Evocations


You had 15 spell levels left.
You didn't know any spells.
Your spell library was empty.

Dungeon Overview and Level Annotations

Branches:
Dungeon (1/1)

Altars:
Cheibriados
Dithmenos
Elyvilon
Fedhas
Gozag
Hepliaklqana
Kikubaaqudgha
Makhleb
Nemelex Xobeh
Okawaru
Qazlal
Ru
Sif Muna
Trog
Uskayaw
Vehumet
Wu Jian
Xom
Yredelemnul
Zin
The Shining One
Beogh
Jiyva
Lugonu

Shops:
D =?(:[:(?[[[[*=*[!(*!:?[


Innate Abilities, Weirdness & Mutations

You can breathe blasts of scalding, opaque steam.
Your pale cyan-grey scales are hard. (AC +9)
You cannot fit into any form of body armour.
You are cold-blooded and may be slowed by cold attacks.
You are immune to the effects of steam.
Your large and strong wings let you fly.


Message History

Unknown command.
Unknown command.
Trog accepts your kill.
You feel a bit more experienced.
You feel extremely nervous for a moment...
Your body is wracked with pain!
* * * LOW HITPOINT WARNING * * *
The guardian mummy is engulfed in acidic fog.
You destroy the guardian mummy!
Trog accepts your kill.
You feel extremely nervous for a moment...
Your body is wracked with pain!
* * * LOW HITPOINT WARNING * * *
Trog accepts your kill.
You feel a bit more experienced.
You feel extremely nervous for a moment...
Pain shoots through your body!
* * * LOW HITPOINT WARNING * * *
Trog accepts your kill.
You feel a bit more experienced.
You feel extremely nervous for a moment...
You feel horribly lethargic.
You feel yourself slow down. Trog accepts your kill. Trog grants you a weapon!
Something appears at your feet!
You see here the +7 trident of Isoetuc {vorpal, rC++}.
You feel a bit more experienced.
You feel extremely nervous for a moment...
Pain shoots through your body!
* * * LOW HITPOINT WARNING * * *
The guardian mummy is engulfed in acidic fog.
You destroy the guardian mummy!
Trog accepts your kill.
You feel extremely nervous for a moment...
You are engulfed in negative energy!
You partially resist.
You feel drained. Trog accepts your kill.
You feel a bit more experienced.
You feel extremely nervous for a moment...
Pain shoots through your body.
You die...

,,,,,,,,▓..#........^.....#
***,,≈*,▓^^#....^.........#
^,**,≈*,▓..#.^##########..#
*,,**+**▓..#..#§MM§ss}?#..#
**,**,,,▓..#^.#§MMMM§|}#..#
**,****,▓.^#..#§§§BM§=|#..#
**,,,,,,▓..#).#§§MM§ss[#..#
****+***▓..#..#)########..#
+≈⌠,,,≈,▓..#..#.@...^.....#
*≈≈,≈,≈,▓..'.^#.......^.^.#
*,≈,≈,≈,▓##################
*,,,≈,,,*******************
####+###▓,+,^,^*,,+,,,*,,,*
#.#.#.#.▓,*,,,,*,**,,,*,^,*
†#.#.#.#▓,*,,^,*,,*≈≈≈*,,,*
#.#.#†#.▓,***+***,*≈≈≈*,*,*
▓▓▓▓▓▓▓▓▓,*,,,,*,,*,,,*,*,*


There were no monsters in sight!

Vanquished Creatures
  An ancient lich (D)
  Sojobo (D)
  Boris (D)
  A golden dragon (D)
  Rupert (D)
  A lich (D)
  3 titans (D)
  A deep elf blademaster (D)
  An Executioner (D)
  2 sphinxes (D)
  Gastronok (D)
  Polyphemus (D)
  Frances (D)
  3 shadow dragons (D)
  Roxanne (D)
  Chuck (D)
  Donald (D)
  4 azure jellies (D)
  A nagaraja (D)
  A draconian knight (D)
  2 frost giants (D)
  A deep elf demonologist (D)
  Azrael (D)
  3 deep elf annihilators (D)
  2 dire elephants (D)
  A deep elf death mage (D)
  6 mummy priests (D)
  A merfolk javelineer (D)
  A fire dragon (D)
  A deep elf high priest (D)
  5 yaktaur captains (D)
  2 hell beasts (D)
  11 vault guards (D)
  Erolcha (D)
  2 hydras (D)
  An anaconda (shapeshifter) (D)
  8 anacondas (D)
  An ogre mage (D)
  2 centaur warriors (D)
  A naga warrior (D)
  4 dancing weapons (D)
  A titan zombie (D)
  4 death yaks (D)
  Urug (D)
  2 soul eaters (D)
  2 sun demons (D)
  3 deep elf knights (D)
  A death drake (D)
  A golden dragon zombie (D)
  7 skeletal warriors (D)
  A spriggan druid (D)
  A sea snake (D)
  A spectral iron dragon (D)
  An orange crystal statue (D)
  An obsidian statue (D)
  2 deep elf zephyrmancers (D)
  A lindwurm (D)
  3 deep elf pyromancers (D)
  4 crystal guardians (D)
  2 oklob plants (D)
  A cyclops (shapeshifter) (D)
  6 ugly things (D)
  A moth of wrath (shapeshifter) (D)
  2 elephants (D)
  3 black mambas (D)
  A guardian serpent (D)
  4 statues (D)
  2 cane toads (D)
  A rime drake (D)
  A komodo dragon (D)
  2 ice devils (D)
  14 guardian mummies (D)
  3 wandering mushrooms (D)
  4 spriggan defenders (D)
  A queen bee (D)
  4 slime creatures (D)
  An orc high priest (D)
  2 tyrant leeches (D)
  3 dream sheep (D)
  8 blink frogs (D)
  3 hornets (D)
  A shadow (D)
  2 spriggans (D)
  2 iron troll simulacra (D)
  5 redbacks (D)
  A redback (shapeshifter) (D)
  A spatial vortex (D)
  2 nagas (D)
  2 water moccasins (D)
  4 hydra simulacra (D)
  A swamp drake (D)
  A floating eye (D)
  2 orc warriors (D)
  5 two-headed ogres (D)
  A necrophage (D)
  A water elemental (D)
  32 killer bees (D)
  An electric eel (D)
  3 orc priests (D)
  A jelly (D)
  Crazy Yiuf (D)
  Jessica (D)
  A wizard (D)
  An orc wizard (D)
  A necromancer (D)
  3 wolf simulacra (D)
  3 humans (D)
  A kobold demonologist (D)
  6 adders (D)
  7 orcs (D)
  2 rats (D)
  3 butterflies (D)
  2 plants (D)
291 creatures vanquished.

Vanquished Creatures (collateral kills)
  A golden dragon (D)
  Nellie (D)
  Ilsuiw (D)
  6 vault guards (D)
  A slime creature (D)
  An orc warrior (D)
  An orc priest (D)
  2 orc wizards (D)
  4 orcs (D)
18 creatures vanquished.

Vanquished Creatures (others)
  A draconian knight (D)
  A bush (D)
  12 plants (D)
14 creatures vanquished.

Grand Total: 323 creatures vanquished

Notes
Turn   | Place    | Note
-------+----------+-------------------------------------------
     0 | D        | mhtbhm the Draconian Berserker began the quest for the Orb.
     0 | D        | Reached XP level 1. HP: 19/19 MP: 1/1
    27 | D        | Noticed Jessica
    37 | D        | Killed Jessica
    37 | D        | Reached ** piety under Trog
    38 | D        | Reached skill level 5 in Fighting
    38 | D        | Reached XP level 2. HP: 18/29 MP: 2/2
   163 | D        | Noticed Crazy Yiuf
   177 | D        | Reached skill level 5 in Polearms
   177 | D        | Reached XP level 3. HP: 36/36 MP: 3/3
   178 | D        | Killed Crazy Yiuf
   179 | D        | Reached XP level 4. HP: 44/44 MP: 4/4
   328 | D        | Gained mutation: You are clumsy. (Dex -2) [potion of
                  | mutation]
   328 | D        | Lost mutation: You are clumsy. (Dex -2) [potion of
                  | mutation]
   329 | D        | Gained mutation: Your large and strong wings let you fly.
                  | [potion of mutation]
   330 | D        | Noticed a water elemental
   340 | D        | Killed a water elemental
   341 | D        | Reached skill level 5 in Dodging
   341 | D        | Reached skill level 1 in Stealth
   411 | D        | Found a basalt altar of Yredelemnul.
   411 | D        | Found a shadowy altar of Dithmenos.
   411 | D        | Found a sacrificial altar of Ru.
   411 | D        | Noticed a necrophage
   414 | D        | Reached *** piety under Trog
   415 | D        | Reached XP level 5. HP: 52/52 MP: 5/5
   469 | D        | Found a hide-covered altar of Uskayaw.
   469 | D        | Found an iron altar of Okawaru.
   469 | D        | Found a bloodstained altar of Trog.
   469 | D        | Found an ornate altar of the Wu Jian Council.
   469 | D        | Noticed a human
   469 | D        | Noticed a human
   481 | D        | Killed a human
   482 | D        | Reached XP level 6. HP: 63/63 MP: 6/6
   488 | D        | Killed a human
   488 | D        | Reached **** piety under Trog
   489 | D        | Reached skill level 10 in Polearms
   529 | D        | Found a radiant altar of Vehumet.
   529 | D        | Found a shimmering blue altar of Sif Muna.
   529 | D        | Found an ancient bone altar of Kikubaaqudgha.
   533 | D        | Reached skill level 10 in Fighting
   533 | D        | Your scales start taking on a pale cyan-grey colour.
   533 | D        | Reached XP level 7. HP: 72/72 MP: 7/7
   533 | D        | Gained mutation: You are immune to the effects of steam.
                  | [Pale Draconian growth]
   535 | D        | Noticed a sun demon
   593 | D        | Found a glowing silver altar of Zin.
   593 | D        | Found a glowing golden altar of the Shining One.
   593 | D        | Found a white marble altar of Elyvilon.
   594 | D        | Noticed a deep elf pyromancer
   603 | D        | Killed a deep elf pyromancer
   603 | D        | Reached ***** piety under Trog
   756 | D        | Noticed a shadow
   777 | D        | Killed a shadow
   778 | D        | Reached XP level 8. HP: 43/83 MP: 8/8
  1003 | D        | Found a blossoming altar of Fedhas.
  1003 | D        | Found a stormy altar of Qazlal.
  1003 | D        | Found a snail-covered altar of Cheibriados.
  1003 | D        | Found a burning altar of Makhleb.
  1003 | D        | Found a shimmering altar of Xom.
  1004 | D        | Found a hazy altar of Hepliaklqana.
  1004 | D        | Found an opulent altar of Gozag.
  1004 | D        | Found a sparkling altar of Nemelex Xobeh.
  1004 | D        | Found a corrupted altar of Lugonu.
  1004 | D        | Found a viscous altar of Jiyva.
  1049 | D        | Received a gift from Trog
  1096 | D        | Noticed a two-headed ogre
  1106 | D        | Killed a two-headed ogre
  1200 | D        | Noticed a two-headed ogre
  1200 | D        | Noticed Erolcha
  1203 | D        | HP: 3/127 [two-headed ogre/+0 giant spiked club (23)]
  1206 | D        | Killed a two-headed ogre
  1207 | D        | Reached XP level 9. HP: 3/93 MP: 9/9
  1210 | D        | Killed Erolcha
  1572 | D        | Received a gift from Trog
  1573 | D        | Reached skill level 5 in Stealth
  1639 | D        | Noticed a wandering mushroom
  1643 | D        | Noticed a wandering mushroom
  1647 | D        | Killed a wandering mushroom
  1648 | D        | Noticed a wandering mushroom
  1652 | D        | Killed a wandering mushroom
  1653 | D        | Reached skill level 10 in Dodging
  1656 | D        | Killed a wandering mushroom
  1657 | D        | Reached skill level 15 in Polearms
  1663 | D        | Noticed a cane toad
  1663 | D        | Noticed a komodo dragon
  1663 | D        | Noticed a cane toad
  1667 | D        | Killed a cane toad
  1671 | D        | Killed a cane toad
  1672 | D        | Reached XP level 10. HP: 104/104 MP: 10/10
  1786 | D        | Reached ****** piety under Trog
  1787 | D        | Reached skill level 15 in Fighting
  1965 | D        | Noticed a lindwurm
  1970 | D        | Killed a lindwurm
  1973 | D        | Received a gift from Trog
  2171 | D        | Noticed Urug
  2179 | D        | Killed Urug
  2461 | D        | Found Wasoetzecla's Book Boutique.
  2464 | D        | Identified the +9 glaive of the Stoat {vorpal, Str+2} (Trog
                  | gifted it to you in the Dungeon)
  2464 | D        | Received a gift from Trog
  2478 | D        | Received a gift from Trog
  2484 | D        | Received a gift from Trog
  2605 | D        | Noticed a deep elf pyromancer
  2605 | D        | Noticed a deep elf zephyrmancer
  2605 | D        | Noticed a deep elf pyromancer
  2605 | D        | Noticed a deep elf knight
  2605 | D        | Noticed a deep elf zephyrmancer
  2617 | D        | Killed a deep elf knight
  2619 | D        | Killed a deep elf pyromancer
  2620 | D        | Reached XP level 11. HP: 115/115 MP: 11/11
  2621 | D        | Killed a deep elf zephyrmancer
  2627 | D        | Killed a deep elf pyromancer
  2630 | D        | Killed a deep elf zephyrmancer
  2630 | D        | Received a gift from Trog
  2781 | D        | Noticed Donald
  2781 | D        | Noticed Frances
  2790 | D        | Killed Donald
  2795 | D        | Killed Frances
  2795 | D        | Received a gift from Trog
  3196 | D        | Noticed an orange crystal statue
  3209 | D        | Killed an orange crystal statue
  3244 | D        | Found Lomau's Antique Weapon Emporium.
  3244 | D        | Found Qidd's Distillery.
  3244 | D        | Found Seush's Distillery.
  3244 | D        | Found Tocw's General Store.
  3244 | D        | Found Xazxial's Antique Armour Shop.
  3244 | D        | Found Fucaomej's Magic Scroll Emporium.
  3244 | D        | Found Nogumu's Book Boutique.
  3245 | D        | Found Juwaeniy's Armour Boutique.
  3245 | D        | Found Zemu's Assorted Antiques.
  3245 | D        | Found Qun Fubb's Jewellery Shop.
  3245 | D        | Found Jeeva's Assorted Antiques.
  3286 | D        | Bought a scroll of blinking for 90 gold pieces
  3286 | D        | Bought a scroll of blinking for 90 gold pieces
  3286 | D        | Bought a scroll of blinking for 90 gold pieces
  3286 | D        | Bought a scroll of magic mapping for 42 gold pieces
  3297 | D        | Bought an amulet of reflection for 330 gold pieces
  3303 | D        | Bought a condenser vane for 1080 gold pieces
  3303 | D        | Bought a scroll labelled SOAVASHRA HUNUSCH for 27 gold
                  | pieces
  3303 | D        | Bought a yellow potion for 24 gold pieces
  3303 | D        | Bought a wooden wand for 108 gold pieces
  3314 | D        | Bought a potion of heal wounds for 60 gold pieces
  3314 | D        | Bought a potion of heal wounds for 60 gold pieces
  3314 | D        | Bought a potion of heal wounds for 60 gold pieces
  3343 | D        | Received a gift from Trog
  3448 | D        | Noticed a cyan ugly thing
  3454 | D        | Killed a cyan ugly thing
  3578 | D        | Noticed a centaur warrior
  3578 | D        | Noticed an anaconda
  3582 | D        | Killed an anaconda
  3586 | D        | Killed a centaur warrior
  3593 | D        | Noticed a fire dragon
  3600 | D        | Killed a fire dragon
  3600 | D        | Received a gift from Trog
  3601 | D        | Reached skill level 10 in Stealth
  3849 | D        | Noticed a purple ugly thing
  3856 | D        | Killed a purple ugly thing
  3857 | D        | Reached skill level 1 in Shields
  3857 | D        | Reached XP level 12. HP: 125/128 MP: 12/12
  4209 | D        | Noticed a yaktaur captain
  4255 | D        | Killed a yaktaur captain
  4255 | D        | Received a gift from Trog
  4443 | D        | Noticed Chuck
  4657 | D        | Killed Chuck
  5083 | D        | Noticed an ancient lich
  5098 | D        | Identified the -6 pair of boots of Melancholy {Int+5}
  5306 | D        | Killed an ancient lich
  5306 | D        | Received a gift from Trog
  5444 | D        | Noticed a yaktaur captain
  5444 | D        | Noticed a yaktaur captain
  5444 | D        | Noticed a yaktaur captain
  5646 | D        | Noticed a yaktaur captain
  5651 | D        | HP: 7/201 [yaktaur captain/bolt (27)]
  5652 | D        | HP: 1/201 [yaktaur captain (7)]
  5655 | D        | Killed a yaktaur captain
  5656 | D        | Reached XP level 13. HP: 1/141 MP: 13/13
  6833 | D        | Reached skill level 1 in Evocations
  6910 | D        | Noticed Azrael
  6915 | D        | Killed Azrael
  7008 | D        | Received a gift from Trog
  7115 | D        | Noticed Rupert
  7122 | D        | Killed Rupert
  7265 | D        | Noticed an azure jelly
  7265 | D        | Noticed an azure jelly
  7373 | D        | Noticed an azure jelly
  7373 | D        | Noticed an azure jelly
  7434 | D        | Received a gift from Trog
  7447 | D        | Reached skill level 1 in Throwing
  7905 | D        | Noticed Polyphemus
  7928 | D        | Killed Polyphemus
  7928 | D        | Received a gift from Trog
  8071 | D        | Acquired 661 gold pieces
  8078 | D        | Noticed Ilsuiw
  8123 | D        | Killed Ilsuiw
  8389 | D        | Got a barnacled rune of Zot
  8393 | D        | Found Xushicla's Magic Scroll Shoppe.
  8393 | D        | Found Ipoit's Antique Weapon Shop.
  8393 | D        | Found Eteuleid's Book Emporium.
  8393 | D        | Noticed a merfolk javelineer
  8400 | D        | Killed a merfolk javelineer
  8433 | D        | Bought a scroll of enchant weapon for 97 gold pieces
  8433 | D        | Bought a scroll of holy word for 97 gold pieces
  8454 | D        | Found a blossoming altar of Fedhas.
  8463 | D        | Reached skill level 5 in Shields
  8465 | D        | Received a gift from Trog
  8524 | D        | Noticed a dire elephant
  8524 | D        | Noticed a dire elephant
  8524 | D        | Noticed Gastronok
  8535 | D        | Killed a dire elephant
  8542 | D        | Killed a dire elephant
  8551 | D        | Killed Gastronok
  8551 | D        | Identified the +7 battleaxe "Iseecs" {vorpal, Dex+9} (Trog
                  | gifted it to you in the Dungeon)
  8551 | D        | Received a gift from Trog
  8552 | D        | Reached skill level 15 in Dodging
  8824 | D        | Noticed Sojobo
  8838 | D        | Killed Sojobo
  8839 | D        | Reached XP level 14. HP: 146/157 MP: 14/14
  9043 | D        | Noticed a lich
  9048 | D        | Killed a lich
  9048 | D        | Received a gift from Trog
  9059 | D        | Noticed a shadow dragon
  9059 | D        | Noticed a shadow dragon
  9073 | D        | Killed a shadow dragon
  9081 | D        | Killed a shadow dragon
  9228 | D        | Noticed a titan
  9228 | D        | Noticed a titan
  9228 | D        | Noticed a frost giant
  9228 | D        | Noticed a golden dragon
  9228 | D        | Noticed a frost giant
  9228 | D        | Noticed a golden dragon
  9228 | D        | Noticed a shadow dragon
  9229 | D        | Noticed a titan
  9241 | D        | Received a gift from Trog
  9247 | D        | Received a gift from Trog
  9255 | D        | Killed a titan
  9255 | D        | Killed a frost giant
  9255 | D        | Received a gift from Trog
  9256 | D        | Reached skill level 15 in Stealth
  9260 | D        | Killed a frost giant
  9265 | D        | Killed a golden dragon
  9715 | D        | Killed a golden dragon
  9783 | D        | Identified the +4 spear of Zosuopt {vorpal, rF+} (Trog
                  | gifted it to you in the Dungeon)
  9783 | D        | Received a gift from Trog
  9790 | D        | Killed a shadow dragon
  9996 | D        | Killed a titan
  9997 | D        | Reached XP level 15. HP: 102/172 MP: 15/15
 10199 | D        | Killed a titan
 10220 | D        | Got a silver rune of Zot
 10413 | D        | Received a gift from Trog
 10443 | D        | Bought 2 potions of haste for 280 gold pieces
 10443 | D        | Bought a potion of heal wounds for 70 gold pieces
 10443 | D        | Bought a potion of might for 56 gold pieces
 10446 | D        | Bought a scroll labelled RULOGOFUOC for 24 gold pieces
 10446 | D        | Bought a small iron ring for 120 gold pieces
 10446 | D        | Bought a wand of paralysis (5) for 48 gold pieces
 10447 | D        | Acquired the +3 buckler of Porchuig {rC+ Str+6}
 10453 | D        | Bought a phantom mirror for 1080 gold pieces
 10472 | D        | Bought a potion of flight for 36 gold pieces
 10472 | D        | Bought a potion of resistance for 120 gold pieces
 10838 | D        | Identified the +8 flail of the Spheres {drain, rPois}
 10992 | D        | Identified the +1 chain mail "Jetevas" {rCorr Str+3 Int+2}
 10992 | D        | Noticed a deep elf blademaster
 11002 | D        | Received a gift from Trog
 11005 | D        | Identified the +3 flail of Kismet {freeze, Will+ Int+3
                  | Dex-5}
 11261 | D        | Reached skill level 5 in Evocations
 11271 | D        | Killed a deep elf blademaster
 11434 | D        | Identified the ring "Quyduty" {+Blink rPois rC+ Int+6}
 11525 | D        | Received a gift from Trog
 11526 | D        | Reached skill level 27 in Fighting
 11526 | D        | Received a gift from Trog
 11532 | D        | Received a gift from Trog
 11585 | D        | Noticed Nellie
 11603 | D        | Killed Nellie
 11614 | D        | Got a demonic rune of Zot
 11803 | D        | Received a gift from Trog
 12420 | D        | Received a gift from Trog
 12463 | D        | Reached skill level 27 in Polearms
 12477 | D        | Received a gift from Trog
 12516 | D        | Noticed a nagaraja
 12518 | D        | Found Vudox's Jewellery Boutique.
 12518 | D        | Found Doimayho's Magic Scroll Emporium.
 12524 | D        | Killed a nagaraja
 12531 | D        | Received a gift from Trog
 12533 | D        | Found Uthrylics's Antique Weapon Shop.
 12563 | D        | Bought a scroll of blinking for 82 gold pieces
 12563 | D        | Bought a scroll of blinking for 82 gold pieces
 12563 | D        | Bought a scroll of blinking for 82 gold pieces
 12579 | D        | Got a serpentine rune of Zot
 12675 | D        | Killed an azure jelly
 12679 | D        | Killed an azure jelly
 12682 | D        | Killed an azure jelly
 12686 | D        | Killed an azure jelly
 12843 | D        | Reached skill level 10 in Shields
 12844 | D        | Received a gift from Trog
 12845 | D        | Paralysed by an air elemental for 1 turns
 12907 | D        | Noticed Boris
 12920 | D        | Killed Boris
 12921 | D        | Identified the +8 halberd of the Badger {vorpal, rF- rCorr
                  | Str+2} (Trog gifted it to you in the Dungeon)
 12921 | D        | Received a gift from Trog
 12985 | D        | Found Wuth's Armour Emporium.
 12985 | D        | Found Ceimajef's Armour Shop.
 12985 | D        | Found Itihos's Armour Shop.
 12985 | D        | Found Vacki's Armour Shoppe.
 12988 | D        | Received a gift from Trog
 13000 | D        | Noticed Roxanne
 13014 | D        | Killed Roxanne
 13126 | D        | Found Xeoruthro's Armour Boutique.
 13241 | D        | Noticed a black draconian knight
 13242 | D        | Noticed a black draconian knight
 13251 | D        | Killed a black draconian knight
 13261 | D        | Killed a black draconian knight
 13265 | D        | Received a gift from Trog
 13632 | D        | Noticed an Executioner
 13634 | D        | Killed an Executioner
 13635 | D        | Reached XP level 16. HP: 183/183 MP: 16/16
 13831 | D        | Received a gift from Trog
 13846 | D        | Received a gift from Trog
 14223 | D        | Noticed a sphinx
 14223 | D        | Noticed a sphinx
 14233 | D        | Killed a sphinx
 14268 | D        | Killed a sphinx
 14711 | D        | Received a gift from Trog
 14923 | D        | Noticed a royal mummy
 14923 | D        | Noticed a royal mummy
 14925 | D        | Identified the +11 spear of Trog's Benevolence {vorpal,
                  | Will+} (Trog gifted it to you in the Dungeon)
 14925 | D        | Received a gift from Trog
 14926 | D        | Identified the +7 trident of Isoetuc {vorpal, rC++} (Trog
                  | gifted it to you in the Dungeon)
 14926 | D        | Received a gift from Trog
 14926 | D        | HP: 5/183 [something (13)]
 14926 | D        | Killed by something's death curse

Illustrated notes

Levels and vault maps discovered:
D:        dungeon_sprint_mu [sprint_mu_entry_cave, sprint_mu_temple_rooms,
          sprint_mu_d1_spiders, sprint_mu_d2_genie, sprint_mu_d3_branching,
          sprint_mu_orc_legion, sprint_mu_elf_gauntlet, sprint_mu_hive_nellie,
          sprint_mu_lair_fedhas, sprint_mu_vaults_butterflies,
          sprint_mu_slime_circle, sprint_mu_shoals_archi,
          sprint_mu_snake_twists, sprint_mu_blade_basic, sprint_mu_crypt_lich,
          sprint_mu_tomb_spiral, sprint_mu_vestibule_basic,
          sprint_mu_gehenna_hellfire, sprint_mu_dis_giant,
          sprint_mu_tartarus_statrot, sprint_mu_cocytus_islands, sprint_mu_zot1]

Skill      XL: |  1  2  3  4  5  6  7  8  9 10 11 12 13 14 15 16 |
---------------+-------------------------------------------------+-----
Fighting       | 5 6 7 9 10 11 13 14 16 18 20 23 26 27 | 27.0
Polearms       | 4 5 7 9 10 12 13 15 17 20 22 24 25 27 | 27.0
Dodging        | 3 4 5 6 7 8 9 10 11 12 13 15 16 20 21 | 21.4
Stealth        | 1 2 3 4 5 8 10 11 13 16 19 21 | 21.4
Shields        | 1 3 6 8 12 13 | 13.7
Evocations     | 2 3 8 |  8.9
Throwing       | 2 3 4 |  4.2

Action                   |  1- 3 |  4- 6 |  7- 9 | 10-12 | 13-15 | 16-18 || total
-------------------------+-------+-------+-------+-------+-------+-------++-------
Melee: Spear             |    26 |    36 |    50 |       |       |       ||   112
       Tailslap          |     3 |     1 |    13 |    34 |    78 |     8 ||   137
       Punch             |       |       |     1 |       |       |       ||     1
       Halberd           |       |       |    28 |    71 |       |       ||    99
       Glaive            |       |       |       |   152 |   489 |    66 ||   707
       Bardiche          |       |       |       |       |    26 |       ||    26
Throw: Dart              |       |       |       |       |     8 |       ||     8
Invok: Berserk           |     1 |     4 |     4 |    11 |    14 |     2 ||    36
       Brothers in Arms  |       |       |       |     3 |     5 |       ||     8
       Trog's Hand       |       |       |       |       |     1 |       ||     1
 Abil: Breathe Steam     |       |       |     7 |     3 |     4 |       ||    14
Evoke: Wand              |       |       |       |     1 |    14 |       ||    15
       Condenser vane    |       |       |       |       |     4 |     1 ||     5
       Piece from Xom's  |       |       |       |       |     1 |       ||     1
  Use: Potion            |       |     2 |       |     2 |     8 |       ||    12
       Scroll            |       |       |       |     1 |    13 |     1 ||    15
 Stab: Sleeping          |     1 |       |     1 |     8 |    20 |     4 ||    34
       Distracted        |       |       |       |       |     4 |     2 ||     6
Armor: Skin              |     2 |     1 |     2 |    13 |    71 |    10 ||    99
Dodge: Dodged            |     9 |    11 |    16 |    78 |   171 |    18 ||   303
Block: Other             |       |       |       |    11 |    62 |    11 ||    84
       Reflection        |       |       |       |     1 |     2 |       ||     3

Table legend: (Time is in decaauts) A = Elapsed time spent in this place. B = Non-inter-level travel time spent in this place. C = Inter-level travel time spent in this place. D = Time resting spent in this place. E = Time spent auto-exploring this place. F = Levels seen in this place. G = Mean time per level. A B C D E F G +--------+--------+--------+--------+--------+-----+--------+ Total | 14957 | 14767 | 190 | 10745 | 208 | 1 | 14957.0 | Dungeon | 14957 | 14767 | 190 | 10745 | 208 | 1 | 14957.0 | +--------+--------+--------+--------+--------+-----+--------+

Top non-repeatable levels by time:
       D: 14957 daAuts
